 Dungeon Crawl Stone Soup version 0.20-a0-893-g832831a (webtiles) character file.

1780 tarabluh the Ruffian (level 8, -13/67 HPs)
             Began as a Troll Summoner on Mar 17, 2017.
             Was a Priest of Cheibriados.
             Mangled by an orc warrior
             ... wielding a +0 glaive
              (15 damage)
             ... on level 6 of the Dungeon.
             The game lasted 00:16:44 (5397 turns).

tarabluh the Ruffian (Troll Summoner)               Turns: 5397, Time: 00:16:45

Health: -13/67     AC:  5    Str: 25    XL:     8   Next: 81%
Magic:  5/11       EV: 10    Int: 24    God:    Cheibriados [***...]
Gold:   265        SH:  5    Dex: 18    Spells: 2/12 levels left

rFire    . . .     SeeInvis .     - Unarmed
rCold    . . .     Gourm    +   a - +0 robe
rNeg     . . .     Faith    .   (no shield)
rPois    .         Spirit   .   (helmet restricted)
rElec    .         Reflect  +   (no cloak)
rCorr    .         Harm     .   (gloves unavailable)
MR       .....                  (boots unavailable)
Stlth    ++........             g - +5 amulet of reflection
Regen    0.7/turn               (no ring)
MPRegen  0.2/turn               i - +3 ring of intelligence

@: very slow
A: unfitting armour, claws 3, fast metabolism 3, gourmand, regeneration 1,
shaggy fur 1, tough skin 2
a: Bend Time, Temporal Distortion, Renounce Religion


You were on level 6 of the Dungeon.
You worshipped Cheibriados.
Cheibriados was most pleased with you.
You were very full.

You visited 1 branch of the dungeon, and saw 6 of its levels.

You collected 265 gold pieces.

Inventory:

Missiles
 e - 285 stones
 x - 4 tomahawks (quivered)
Armour
 a - a +0 robe (worn)
Jewellery
 g - a +5 amulet of reflection (around neck)
 i - a +3 ring of intelligence (left claw)
Wands
 q - a wand of iceblast (8/15)
 u - a wand of polymorph (5/24)
Scrolls
 d - a scroll of vulnerability {unknown}
 h - a scroll of amnesia
 j - 3 scrolls of identify
 m - a scroll of enchant armour
 n - 3 scrolls of remove curse {unknown}
 o - a scroll of recharging {unknown}
 p - a scroll of magic mapping {unknown}
 v - a scroll of immolation {unknown}
 w - a scroll of fog {unknown}
 y - a scroll of blinking {unknown}
Potions
 s - a potion of magic {unknown}
 z - 2 potions of berserk rage {unknown}
Books
 b - a book of Callings

   Spells                             Type                      Level
   a - Summon Small Mammal            Summoning                    1
   b - Call Imp                       Summoning                    2
   c - Call Canine Familiar           Summoning                    3
   d - Summon Guardian Golem          Hexes/Summoning              3
   e - Summon Lightning Spire         Summoning/Air                4
   f - Summon Ice Beast               Ice/Summoning                4
 r - a book of Frost

   Spells                             Type                      Level
   a - Freeze                         Ice                          1
   b - Throw Frost                    Conjuration/Ice              2
   c - Ozocubu's Armour               Charms/Ice                   3
   d - Throw Icicle                   Conjuration/Ice              4
   e - Summon Ice Beast               Ice/Summoning                4
Comestibles
 c - 4 bread rations
 f - 2 meat rations
 k - 7 fruits
 t - a royal jelly


   Skills:
 - Level 1.5 Dodging
 - Level 1.0 Stealth
 * Level 7.3 Unarmed Combat
 * Level 2.7 Spellcasting
 + Level 5.9 Summonings
 - Level 2.3 Ice Magic


You had 2 spell levels left.
You knew the following spells:

 Your Spells              Type           Power        Failure   Level  Hunger
a - Summon Small Mammal   Summ           ####         1%          1    None
b - Call Imp              Summ           ####....     1%          2    ##.....
c - Summon Ice Beast      Ice/Summ       ###.....     24%         4    ####...
d - Ozocubu's Armour      Chrm/Ice       #.......     24%         3    ###....


Dungeon Overview and Level Annotations

Branches:
Dungeon (6/15)
 Temple: D:4-7

Altars:
Ashenzari
Cheibriados
Elyvilon
Okawaru
Ru
Trog
Wu Jian
Yredelemnul


Innate Abilities, Weirdness & Mutations

You are too large for most types of armour.
You have claws for hands.
Your metabolism is lightning-fast.
You like to eat raw meat.
Your natural rate of healing is unusually fast.
You are covered in fur. (AC +1)
You have very tough skin. (AC +2)


Message History

* * * LOW HITPOINT WARNING * * *
The orc completely misses something.
You feel much better. The orc priest hits you with a dagger.
You fail to use your ability.
The orc warrior hits you with a glaive.
* * * LOW HITPOINT WARNING * * *
The orc barely misses something.
You block the orc priest's attack.
You scratch the orc priest but do no damage.
The orc priest is heavily wounded.
The orc warrior barely misses you.
The orc misses something.
The orc priest looks satisfied for a moment.
You claw the orc priest!
You kill the orc priest!
Cheibriados appreciates the change of pace.
The orc barely misses your crimson imp.
The orc warrior hits you with a glaive!!
* * * LOW HITPOINT WARNING * * *
You swap places.
Your crimson imp blinks!
The orc warrior hits you from afar with a glaive!
You die...

..≈ ##≈. ..≈ ###### ..
#....# #. ###.##.#######
#####.## ##...##....#...
#......####..#######...##
#....#.##...########...##
#.....o5@.#####.........#
#.....o######......####..
#....#..##..(..####......
#....#.o.....###....####.
####.#...).####..#### #..
##.......####.## #..
##.....oo......### #..
#................#####..
#..###.#.....###........


You could see an orc warrior, an orc and a friendly iron imp.

Vanquished Creatures
  Prince Ribbit (D:5)
  Menkaure (D:4)
  An ice beast (D:5)
  3 ogres
  A centaur (D:6)
  A bullfrog (D:6)
  6 scorpions (D:5)
  A howler monkey (D:4)
  A bullfrog zombie (D:5)
  A jelly (D:5)
  An orc priest (D:6)
  4 hounds
  A bullfrog skeleton (D:5)
  Terence (D:2)
  2 iguanas
  An orc wizard (D:5)
  2 worker ants
  A hound skeleton (D:4)
  A gnoll (D:1)
  10 adders
  A shadow imp (D:5)
  An adder skeleton (D:5)
  4 worms
  2 dart slugs
  A leopard gecko (D:5)
  11 orcs
  A ball python (D:1)
  4 giant cockroaches
  2 gnoll zombies (D:3)
  5 goblins
  7 hobgoblins
  11 jackals
  7 kobolds
  4 quokkas
  3 bats
  5 frilled lizards
  12 rats
122 creatures vanquished.

Vanquished Creatures (collateral kills)
  An ogre (D:6)
  A scorpion (D:5)
  A hound (D:4)
  2 orc wizards
  2 worker ants
  3 orcs (D:5)
  A bat (D:5)
  A fungus (D:5)
12 creatures vanquished.

Grand Total: 134 creatures vanquished

Notes
Turn   | Place    | Note
-------+----------+-------------------------------------------
     0 | D:1      | tarabluh the Troll Summoner began the quest for the Orb.
     0 | D:1      | Reached XP level 1. HP: 16/16 MP: 1/1
   213 | D:1      | Reached XP level 2. HP: 14/24 MP: 2/2
   487 | D:1      | Reached XP level 3. HP: 26/31 MP: 3/3
   956 | D:2      | Found a snail-covered altar of Cheibriados.
  1116 | D:2      | Became a worshipper of Cheibriados the Contemplative
  1288 | D:2      | Noticed Terence
  1313 | D:2      | Killed Terence
  1313 | D:2      | Reached XP level 4. HP: 29/39 MP: 4/4
  1687 | D:3      | Learned a level 2 spell: Call Imp
  1745 | D:3      | Reached * piety under Cheibriados
  1766 | D:3      | Found a sacrificial altar of Ru.
  1766 | D:3      | Found a white marble altar of Elyvilon.
  2021 | D:3      | Reached XP level 5. HP: 45/45 MP: 5/5
  2051 | D:3      | Found a basalt altar of Yredelemnul.
  2532 | D:4      | Noticed Menkaure
  2621 | D:4      | Reached skill level 1 in Unarmed Combat
  2621 | D:4      | Reached skill level 5 in Summonings
  2747 | D:4      | Noticed an ogre
  2757 | D:4      | Killed an ogre
  2757 | D:4      | Reached XP level 6. HP: 13/53 MP: 6/6
  2770 | D:4      | Killed Menkaure
  2770 | D:4      | Reached skill level 2 in Unarmed Combat
  3062 | D:4      | Reached ** piety under Cheibriados
  3115 | D:4      | Found a bloodstained altar of Trog.
  3121 | D:4      | Learned a level 4 spell: Summon Ice Beast
  3175 | D:4      | Reached skill level 3 in Unarmed Combat
  3254 | D:4      | Found a shattered altar of Ashenzari.
  3405 | D:5      | Entered Level 5 of the Dungeon
  3462 | D:5      | Reached skill level 1 in Ice Magic
  3462 | D:5      | Reached XP level 7. HP: 42/59 MP: 7/7
  3530 | D:5      | Noticed Prince Ribbit
  3611 | D:5      | Reached skill level 4 in Unarmed Combat
  3769 | D:5      | Reached skill level 5 in Unarmed Combat
  4005 | D:4      | Reached *** piety under Cheibriados
  4176 | D:5      | Reached XP level 8. HP: 59/67 MP: 8/8
  4216 | D:5      | Reached skill level 6 in Unarmed Combat
  4529 | D:5      | Killed Prince Ribbit
  4964 | D:6      | Reached skill level 7 in Unarmed Combat
  5010 | D:6      | Learned a level 3 spell: Ozocubu's Armour
  5163 | D:6      | Found an iron altar of Okawaru.
  5164 | D:6      | Found an ornate altar of the Wu Jian Council.
  5396 | D:6      | HP: 1/67 [orc warrior/glaive (20)]
  5397 | D:6      | Mangled by an orc warrior

Vault maps used:
D:1:      dpeg_arrival_chase
D:2:      kennysheep_slug_shrine, grunt_decor_mini_mirrors,
          grunt_decor_arrowhead, uniq_terence
D:3:      lemuel_zombie_altar_yredelemnul, gammafunk_temple_overflow_elements
D:4:      old_standard_altar, kennysheep_little_box, first_bread, uniq_menkaure
D:5:      old_forge, uniq_prince_ribbit1
D:6:      grunt_temple_overflow_open, grunt_ministairs_6,
          nicolae_ru_path_of_blood

Skill      XL: |  1  2  3  4  5  6  7  8 |
---------------+-------------------------+-----
Summonings     | 3 4 5 |  5.9
Unarmed Combat | 1 3 5 7 |  7.3
Ice Magic      | 1 2 |  2.3
Spellcasting   | 2 |  2.7
Dodging        | |  1.5
Stealth        | |  1.0

Action                   |  1- 3 |  4- 6 |  7- 9 || total
-------------------------+-------+-------+-------++-------
Melee: Unarmed           |   122 |   218 |   170 ||   510
       Punch             |       |     1 |     6 ||     7
Throw: Stone             |       |    31 |     4 ||    35
 Cast: Call Imp          |       |    11 |    36 ||    47
       Summon Small Mamm |       |     2 |     1 ||     3
       Summon Ice Beast  |       |       |     1 ||     1
Invok: Bend Time         |       |       |     2 ||     2
       Temporal Distorti |       |       |     1 ||     1
  Use: Potion            |       |     3 |     2 ||     5
       Scroll            |       |     2 |     1 ||     3
 Stab: Sleeping          |     3 |     2 |     3 ||     8
       Distracted        |       |       |     1 ||     1
  Eat: Chunk             |    18 |    15 |    14 ||    47
Armor: Robe              |    31 |    65 |    34 ||   130
Dodge: Dodged            |    38 |    94 |    60 ||   192
Block: Other             |       |     9 |    31 ||    40
       Reflection        |       |       |     1 ||     1
